 Dungeon Crawl Stone Soup version 0.25-b1-37-g2669288c55 (webtiles) character file.

Game seed: 4032376716564852316

2627 Elvor the Cleaver (level 9, -3/85 HPs)
             Began as a Deep Dwarf Fighter on June 5, 2020.
             Slain by an orc warrior
             ... wielding a +0 war axe
              (19 damage)
             ... in a bailey.
             The game lasted 01:04:25 (6167 turns).

Elvor the Cleaver (Deep Dwarf Fighter)              Turns: 6167, Time: 01:04:29

Health: -3/85      AC: 14    Str: 23    XL:     9   Next: 35%
Magic:  3/3        EV: 10    Int:  9    God:
Gold:   724        SH: 10    Dex: 12    Spells: 8/8 levels left

rFire    + . .     SeeInvis .   E - +8 war axe of Tension {protect, rC+}
rCold    + . .     Gourm    .   c - +0 kite shield
rNeg     . . .     Faith    .   w - +0 ring mail {rF+}
rPois    .         Spirit   .   (no helmet)
rElec    .         Reflect  .   z - +0 cloak
rCorr    .         Harm     .   (no gloves)
MR       +....                  (no boots)
Stlth    ++........             (no amulet)
HPRegen  0.00/turn              y - ring of stealth
MPRegen  0.08/turn              (no ring)

@: mighty, protection aura, non-regenerating
A: damage resistance, heal wounds, sense surroundings 2, no regeneration
a: Heal Wounds


You were in a bailey.
You were not hungry.

You visited 2 branches of the dungeon, and saw 9 of its levels.
You also visited: Bailey.

You collected 724 gold pieces.

Inventory:

Hand Weapons
 u - a +0 war axe
 B - a +0 battleaxe
 E - the +8 war axe of Tension (weapon) {protect, rC+}
   (You found it on level 10 of the Dungeon)

   It grants its wielder temporary protection when it strikes (+7 to AC).
   It protects you from cold.
 F - a +0 flail
 J - a +4 halberd
Missiles
 e - 2 throwing nets (quivered)
Armour
 b - a +0 scale mail
 c - a +0 kite shield (worn)
 m - a +2 cloak of preservation
 n - a +0 chain mail
 w - a +0 ring mail of fire resistance (worn)
 z - a +0 cloak (worn)
Jewellery
 y - a ring of stealth (left hand)
Wands
 a - a wand of random effects (42)
Scrolls
 j - 2 scrolls of enchant armour {unknown}
 k - a scroll of enchant weapon {unknown}
 o - 2 scrolls of blinking
 p - 3 scrolls of remove curse
 q - 2 scrolls of teleportation {unknown}
 t - a scroll of immolation {unknown}
 v - a scroll of fog {unknown}
 x - a scroll of noise {unknown}
Potions
 g - a potion of magic {unknown}
 h - 5 potions of brilliance
 i - a potion of stabbing {unknown}
 l - 3 potions of curing
 r - 3 potions of flight
 s - 2 potions of berserk rage {unknown}
 A - a potion of degeneration {unknown}
 C - a potion of haste {unknown}
 D - a potion of lignification {unknown}
Comestibles
 f - 18 rations


   Skills:
 * Level 6.7 Fighting
 + Level 8.8 Axes
 + Level 6.4 Armour
 + Level 3.2 Dodging
 + Level 0.1 Stealth
 + Level 6.1 Shields


You had 8 spell levels left.
You didn't know any spells.
Your spell library contained the following spells:

 Spells                   Type           Power        Failure   Level  Hunger
 Beastly Appendage        Tmut           #.....       88%         1    ##.....
 Sandblast                Erth           #.....       88%         1    ##.....
 Summon Small Mammal      Summ           #...         88%         1    ##.....
 Call Imp                 Summ           #.......     96%         2    ###....
 Passwall                 Tmut/Erth      #.......     96%         2    ###....
 Sticks to Snakes         Tmut           #.......     96%         2    ###....
 Call Canine Familiar     Summ           #.......     99%         3    ####...
 Spider Form              Tmut/Pois      #.........   99%         3    ####...
 Stone Arrow              Conj/Erth      #.....       99%         3    ####...
 Summon Guardian Golem    Hex/Summ       #.......     99%         3    ####...
 Ice Form                 Ice/Tmut       #.......     100%        4    #####..
 Petrify                  Tmut/Erth      #.......     100%        4    #####..
 Summon Ice Beast         Ice/Summ       #.......     100%        4    #####..
 Summon Lightning Spire   Summ/Air       #.......     100%        4    #####..
 Blade Hands              Tmut           #.........   100%        5    ######.
 Lee's Rapid Deconstruct  Erth           #.........   100%        5    ######.


Dungeon Overview and Level Annotations

Branches:
Dungeon (10/15)            Temple (1/1) D:4          Bailey (1/1)
   Lair: D:8-11         Orc: D:9-12

Altars:
Ashenzari
Cheibriados
Fedhas
Gozag
Hepliaklqana
Makhleb
Nemelex Xobeh
Qazlal
Sif Muna
Trog
Uskayaw
Vehumet
Wu Jian
Xom
Zin
Lugonu

Shops:
D:6 :


Innate Abilities, Weirdness & Mutations

You are resistant to damage.
You can heal yourself by infusing magical energy.
You passively map the area around you.
You do not regenerate.


Message History

You hit the orc knight.
The orc knight is lightly wounded.
You barely miss the orc. You block the orc's attack.
You slash the orc knight!
The orc knight is lightly wounded.
You slash the orc!
You kill the orc!
You slice the orc knight!!
The orc knight is heavily wounded.
You slash the orc!
You kill the orc!
The orc knight hits you with a +0 broad axe!
The orc warrior closely misses you.
You slash the orc knight!
The orc knight is heavily wounded.
You slice the orc warrior!!
The orc knight hits you with a +0 broad axe!
* * * LOW HITPOINT WARNING * * *
The orc warrior hits you with a +0 war axe!!
You die...

#≈≈.......≈≈###
,K≈≈.......≈≈KKK
*
#≈≈.......≈≈###
##≈.......≈##
####'''####
##...).##
#∩.....∩#
#...8...#
##.o@).##
###o### * #...#
* ....... *
,...........
...............
...............
#.............#
###.)$...:=.###


You could see an orc knight and an orc warrior (strong).

Vanquished Creatures
  The ghost of Elvor the Cleaver, a journeyman DDFi of Elyvilon (D:10)
  Menkaure (D:3)
  An orc warrior (Bailey)
  An ice beast (D:6)
  2 phantoms
  A black bear (D:6)
  2 centaurs (D:6)
  4 bullfrogs
  A water moccasin zombie (D:7)
  A water moccasin skeleton (D:6)
  A scorpion (D:7)
  2 howler monkeys (D:4)
  A crimson imp (D:5)
  A bullfrog zombie (D:6)
  5 hounds
  A jelly (D:6)
  An orc priest (D:7)
  A bullfrog skeleton (D:6)
  Natasha (twice) (D:4)
  3 worker ants
  A killer bee zombie (D:5)
  A hound skeleton (D:4)
  4 gnolls (D:7)
  5 adders
  A howler monkey skeleton (D:6)
  An ooze (D:3)
  5 worms
  3 dart slugs
  6 leopard geckos
  14 orcs
  8 bats
  5 giant cockroaches
  3 goblins
  7 hobgoblins
  12 jackals
  8 kobolds
  6 quokkas
  2 ball pythons
  A ball python zombie (D:5)
  3 frilled lizards
  A quokka skeleton (D:4)
  11 rats
141 creatures vanquished.

Notes
Turn   | Place    | Note
-------+----------+-------------------------------------------
     0 | D:1      | Elvor the Deep Dwarf Fighter began the quest for the Orb.
     0 | D:1      | Reached XP level 1. HP: 20/20 MP: 1/1
   166 | D:1      | Reached XP level 2. HP: 22/28 MP: 2/2
   800 | D:1      | Reached XP level 3. HP: 18/34 MP: 3/3
  1256 | D:2      | Reached skill level 3 in Axes
  1256 | D:2      | Reached skill level 1 in Dodging
  1355 | D:2      | Reached XP level 4. HP: 22/42 MP: 4/4
  2221 | D:4      | Noticed Menkaure
  2231 | D:3      | Killed Menkaure
  2231 | D:3      | Reached skill level 4 in Axes
  2231 | D:3      | Reached XP level 5. HP: 24/50 MP: 5/5
  2352 | D:4      | Found a shattered altar of Ashenzari.
  2451 | D:4      | Reached XP level 6. HP: 26/57 MP: 6/6
  2564 | D:4      | Found a blossoming altar of Fedhas.
  2582 | D:4      | Found a hazy altar of Hepliaklqana.
  2747 | D:4      | Noticed Natasha
  2752 | D:4      | Killed Natasha
  2800 | D:4      | Reached skill level 5 in Axes
  2801 | D:4      | Found a staircase to the Ecumenical Temple.
  2846 | D:4      | Noticed Natasha
  2854 | D:4      | Killed Natasha
  2867 | Temple   | Entered the Ecumenical Temple
  3085 | D:5      | Entered Level 5 of the Dungeon
  3242 | D:5      | Reached XP level 7. HP: 19/66 MP: 7/7
  3356 | D:5      | Found a hide-covered altar of Uskayaw.
  3914 | D:6      | Reached skill level 6 in Axes
  3985 | D:6      | Found Husatz's Book Boutique.
  4117 | D:6      | Found a stormy altar of Qazlal.
  4156 | D:6      | Found a sparkling altar of Nemelex Xobeh.
  4194 | D:6      | Reached skill level 5 in Fighting
  4282 | D:6      | Noticed a moth of wrath
  4285 | D:6      | Found a bloodstained altar of Trog.
  4461 | D:6      | Reached skill level 7 in Axes
  4461 | D:6      | Reached skill level 5 in Armour
  4461 | D:6      | Reached XP level 8. HP: 37/74 MP: 6/6
  4503 | D:6      | Found an ornate altar of the Wu Jian Council.
  4755 | D:6      | Reached skill level 5 in Shields
  5954 | D:7      | You fall into a shaft and drop 3 floors!
  5954 | D:10     | Entered Level 10 of the Dungeon
  6002 | D:10     | Found a runed translucent door.
  6004 | D:10     | Noticed Elvor's ghost (journeyman DDFi)
  6037 | D:10     | Killed Elvor's ghost
  6037 | D:10     | Reached skill level 8 in Axes
  6037 | D:10     | Gained mutation: You passively map the area around you.
                  | [Deep Dwarf growth]
  6037 | D:10     | Reached XP level 9. HP: 42/85 MP: 5/5
  6044 | D:10     | Got a steaming war axe
  6047 | D:10     | Identified the +8 war axe of Tension {protect, rC+} (You
                  | found it on level 10 of the Dungeon)
  6080 | D:10     | Found a flagged portal.
  6100 | Bailey   | Entered a bailey
  6155 | Bailey   | Noticed an orc knight
  6167 | Bailey   | Slain by an orc warrior

Illustrated notes

Levels and vault maps discovered:
D:1:      psy_arrival_radial01, layout_basic, minmay_heptomino_h4
D:2:      layout_loops_corners
D:3:      layout_rooms, first_ration
D:4:      layout_basic, kennysheep_mini_moat, lemuel_doored_altar,
          ashenzari_altar_1, minmay_temple_entry_sparse_star, uniq_menkaure,
          uniq_natasha
D:5:      layout_basic, eat_drink_and_be_merry_uskayaw
D:6:      layout_layer_cave, old_standard_altar, tgw_trog,
          nicolae_overflow_crystal_walls, marbit_many_paths, serial_shops, shop,
          chequers_ossuary_entry_cave
D:7:      layout_cave_pools, lemuel_zombie_altar_kikubaaqudgha, the_bakery
D:10:     layout_loops_ring, david_orc_1_choice, ebering_ghost_reflecting_pool,
          enter_bailey_6, feat_on_display
Temple:   corrupted_temple
Bailey:   bailey_axe_3, bailey

Skill      XL: |  1  2  3  4  5  6  7  8 |
---------------+-------------------------+-----
Fighting       | 3 4 5 6 |  6.7
Axes           | 3 4 5 7 8 |  8.8
Dodging        | 1 2 3 |  3.2
Armour         | 4 5 6 |  6.4
Shields        | 4 6 |  6.1
Stealth        | |  0.1

Action                   |  1- 3 |  4- 6 |  7- 9 || total
-------------------------+-------+-------+-------++-------
Melee: War axe           |   145 |   170 |   250 ||   565
 Abil: Heal Wounds       |       |     1 |    12 ||    13
  Use: Scroll            |       |       |     5 ||     5
       Potion            |       |       |     2 ||     2
  Eat: Chunk             |     2 |     3 |     2 ||     7
       Ration            |       |     1 |     3 ||     4
Armor: Scale mail        |    75 |    45 |       ||   120
       Chain mail        |       |    24 |    96 ||   120
       Ring mail         |       |       |    25 ||    25
Dodge: Dodged            |    46 |    49 |    98 ||   193
Block: Kite shield       |   108 |    74 |   166 ||   348
